MID
CHARLESTON RIVERDOGS @ CEDAR RAPIDS KERNELS
06/10/2044
 
TOP OF THE 1ST
Charleston RiverDogs batting - Pitching for Cedar Rapids Kernels : RHP Regan Kalinski
Pitching: RHP Regan Kalinski
Batting: LHB Tatsuo Yasui 0-0: Ball
1-0: Ground out 6-3 (Groundball, 6, EV 100.6 MPH)
Batting: SHB Blake Abbott 0-0: Called Strike
0-1: Fly out, F9 (Line Drive, 9, EV 91.3 MPH)
Batting: RHB James Boynton 0-0: Swinging Strike
0-1: Foul Ball, location: 2F
0-2: Ball
1-2: SOLO HOME RUN (Flyball, 7D, EV 98.1 MPH), Distance : 368 ft
Batting: SHB Reagan Dudley 0-0: Ball
1-0: Called Strike
1-1: Ball
2-1: Fly out, F5 (Popup, 6, EV 53.8 MPH)
Top of the 1st over - 1 run, 1 hit, 0 errors, 0 left on base; Charleston 1 - Cedar Rapids 0
BOTTOM OF THE 1ST
Cedar Rapids Kernels batting - Pitching for Charleston RiverDogs : RHP Danny Rasdall
Pitching: RHP Danny Rasdall
Batting: LHB Jim Pankratz 0-0: Swinging Strike
0-1: Foul Ball, location: 2F
0-2: Ball
1-2: Fly out, F7 (Line Drive, 78M, EV 105.6 MPH)
Batting: SHB Shohei Fujii 0-0: Ground out 6-3 (Groundball, 4MD, EV 86.9 MPH)
Batting: RHB Matt Dunn 0-0: Called Strike
0-1: SINGLE (Groundball, 25, EV 72.5 MPH) (infield hit)
Batting: LHB Mike Handrahan 0-0: Ball
Matt Dunn is caught stealing 2nd base 2-6
Bottom of the 1st over - 0 runs, 1 hit, 0 errors, 0 left on base; Charleston 1 - Cedar Rapids 0
TOP OF THE 2ND
Charleston RiverDogs batting - Pitching for Cedar Rapids Kernels : RHP Regan Kalinski
Batting: RHB Riley Nasiir 0-0: Ball
1-0: Foul Ball, location: 2F
1-1: Ball
2-1: Foul Ball, location: 2F
2-2: Ball
3-2: Fly out, F7 (Flyball, 7D, EV 76.3 MPH)
Batting: SHB Mike Goad 0-0: SINGLE (Groundball, 6MD, EV 96.9 MPH)
Batting: RHB Eric Blais 0-0: Ball
1-0: Ball
Mike Goad steals 2nd base (no throw)
2-0: Called Strike
2-1: Fly out, F8 (Line Drive, 8RM, EV 100.6 MPH)
Batting: RHB Miguel Leal 0-0: Called Strike
0-1: Ball
1-1: Swinging Strike
1-2: SINGLE (Line Drive, 6M, EV 99.4 MPH)
Mike Goad to third
Batting: RHB Carlos Guadarrama 0-0: Foul Ball, location: 2F
0-1: Ball
1-1: Ball
2-1: Ball
Miguel Leal steals 2nd base (no throw)
3-1: SINGLE (Line Drive, 78M, EV 87.5 MPH)
Mike Goad scores
Miguel Leal to third
Runner from 3rd tries for Home, SAFE, throw by LF to home
Batting: LHB Tatsuo Yasui 0-0: Ball
1-0: Ball
2-0: Called Strike
2-1: Called Strike
2-2: Ball
3-2: Base on Balls
Carlos Guadarrama to second
Batting: SHB Blake Abbott 0-0: Ball
1-0: Swinging Strike
1-1: Fielders Choice at 2nd, U4 (Groundball, 4M, EV 110.6 MPH)
Top of the 2nd over - 2 runs, 3 hits, 0 errors, 2 left on base; Charleston 3 - Cedar Rapids 0
BOTTOM OF THE 2ND
Cedar Rapids Kernels batting - Pitching for Charleston RiverDogs : RHP Danny Rasdall
Batting: LHB Mike Handrahan 0-0: Ball
1-0: Foul Ball, location: 2F
1-1: Ball
2-1: Foul Ball, location: 2F
2-2: Ball
3-2: SINGLE (Groundball, 4MD, EV 98.1 MPH)
Batting: RHB Mike Craver 0-0: Called Strike
0-1: Ball
1-1: Called Strike
1-2: Hit by Pitch
Mike Handrahan to second
Batting: RHB Jon Avila 0-0: Ground out 5-3 (Groundball, 5S, EV 66.9 MPH)
Mike Handrahan to third
Mike Craver to second
Batting: SHB Roberto Camarena 0-0: Foul Ball, location: 2F
0-1: Ball
1-1: Called Strike
1-2: Strikes out swinging
Batting: SHB Duri Chilemba 0-0: Ground out 4-3 (Groundball, 4, EV 98.1 MPH)
Bottom of the 2nd over - 0 runs, 1 hit, 0 errors, 2 left on base; Charleston 3 - Cedar Rapids 0
TOP OF THE 3RD
Charleston RiverDogs batting - Pitching for Cedar Rapids Kernels : RHP Regan Kalinski
Batting: RHB James Boynton 0-0: Ball
1-0: Ball
2-0: Swinging Strike
2-1: Ball
3-1: Base on Balls
Batting: SHB Reagan Dudley 0-0: Foul Ball, location: 2F
0-1: Ball
1-1: Fielders Choice at 2nd, 4-6 (Groundball, 34D, EV 98.8 MPH)
Batting: RHB Riley Nasiir 0-0: Ball
1-0: Ball
2-0: Ball
3-0: Called Strike
3-1: Swinging Strike
3-2: Base on Balls
Reagan Dudley to second
Batting: SHB Mike Goad 0-0: Grounds into double play, 4-6-3 (Groundball, 4, EV 101.9 MPH)
Top of the 3rd over - 0 runs, 0 hits, 0 errors, 1 left on base; Charleston 3 - Cedar Rapids 0
BOTTOM OF THE 3RD
Cedar Rapids Kernels batting - Pitching for Charleston RiverDogs : RHP Danny Rasdall
Batting: RHB Jake Wirthlin 0-0: Ball
1-0: Ball
2-0: Called Strike
2-1: Swinging Strike
2-2: Foul Ball, location: 2F
2-2: Foul Ball, location: 2F
2-2: Ball
3-2: Foul Ball, location: 2F
3-2: Fly out, F6 (Popup, 6, EV 73.8 MPH)
Batting: LHB Jim Pankratz 0-0: Ball
1-0: Swinging Strike
1-1: Foul Ball, location: 2F
1-2: Ball
2-2: Foul Ball, location: 2F
2-2: Ball
3-2: DOUBLE (Groundball, 5L, EV 106.9 MPH)
Batting: SHB Shohei Fujii 0-0: Called Strike
0-1: Ball
1-1: Ball
2-1: Foul Ball, location: 2F
2-2: Ball
3-2: Ground out 4-3 (Groundball, 4, EV 86.9 MPH)
Jim Pankratz to third
Batting: RHB Matt Dunn 0-0: Ball
1-0: Called Strike
1-1: Foul Ball, location: 2F
1-2: Foul Ball, location: 2F
1-2: Ball
2-2: Foul Ball, location: 2F
2-2: Ground out U3 (Groundball, 3S, EV 78.8 MPH)
Bottom of the 3rd over - 0 runs, 1 hit, 0 errors, 1 left on base; Charleston 3 - Cedar Rapids 0
TOP OF THE 4TH
Charleston RiverDogs batting - Pitching for Cedar Rapids Kernels : RHP Regan Kalinski
Batting: RHB Eric Blais 0-0: Foul Ball, location: 2F
0-1: Swinging Strike
0-2: Foul Ball, location: 2F
0-2: Foul Ball, location: 2F
0-2: Ball
1-2: Ball
2-2: Foul Ball, location: 2F
2-2: Foul Ball, location: 2F
2-2: SINGLE (Groundball, 5D, EV 100.0 MPH)
Batting: RHB Miguel Leal 0-0: Foul Ball, location: 2F
0-1: Foul Ball, location: 2F
0-2: Strikes out swinging
Batting: RHB Carlos Guadarrama 0-0: Ball
Eric Blais steals 2nd base
1-0: Ball
2-0: Ball
3-0: Base on Balls
Batting: LHB Tatsuo Yasui 0-0: Ball
1-0: Foul Ball, location: 2F
1-1: Reached on error, E3 (Groundball, 3S, EV 73.8 MPH)
Eric Blais to third
Carlos Guadarrama to second
Batting: SHB Blake Abbott 0-0: Called Strike
0-1: Called Strike
0-2: Ball
1-2: Fly out, F9 (Flyball, 9LS, EV 87.5 MPH)
Batting: RHB James Boynton 0-0: Fielders Choice at 2nd, 6-4 (Groundball, 56, EV 106.9 MPH)
Top of the 4th over - 0 runs, 1 hit, 1 error, 3 left on base; Charleston 3 - Cedar Rapids 0
BOTTOM OF THE 4TH
Cedar Rapids Kernels batting - Pitching for Charleston RiverDogs : RHP Danny Rasdall
Batting: LHB Mike Handrahan 0-0: Called Strike
0-1: Ball
1-1: Fly out, F8 (Flyball, 8RXD, EV 110.6 MPH)
Batting: RHB Mike Craver 0-0: Swinging Strike
0-1: Ball
1-1: Called Strike
1-2: Foul Ball, location: 2F
1-2: Strikes out looking
Batting: RHB Jon Avila 0-0: Ball
1-0: Ball
2-0: Called Strike
2-1: Swinging Strike
2-2: Ball
3-2: Strikes out swinging
Bottom of the 4th over - 0 runs, 0 hits, 0 errors, 0 left on base; Charleston 3 - Cedar Rapids 0
TOP OF THE 5TH
Charleston RiverDogs batting - Pitching for Cedar Rapids Kernels : RHP Regan Kalinski
Pitching: RHP Edwin Sanchez
Batting: SHB Reagan Dudley 0-0: Ball
1-0: Foul Ball, location: 2F
1-1: Ball
2-1: Foul Ball, location: 2F
2-2: Ball
3-2: Ground out 4-3 (Groundball, 4, EV 85.6 MPH)
Batting: RHB Riley Nasiir 0-0: Called Strike
0-1: Swinging Strike
0-2: Foul Ball, location: 2F
0-2: Strikes out swinging
Batting: SHB Mike Goad 0-0: Ball
1-0: Swinging Strike
1-1: Fly out, F7 (Flyball, 7S, EV 93.8 MPH)
Top of the 5th over - 0 runs, 0 hits, 0 errors, 0 left on base; Charleston 3 - Cedar Rapids 0
BOTTOM OF THE 5TH
Cedar Rapids Kernels batting - Pitching for Charleston RiverDogs : RHP Danny Rasdall
Batting: SHB Roberto Camarena 0-0: Ball
1-0: Ground out 6-3 (Groundball, 6D, EV 81.9 MPH)
Batting: SHB Duri Chilemba 0-0: Foul Ball, location: 2F
0-1: Ball
1-1: Foul Ball, location: 2F
1-2: Ground out 6-3 (Groundball, 6, EV 100.6 MPH)
Batting: RHB Jake Wirthlin 0-0: Called Strike
0-1: Ball
1-1: Ball
2-1: Swinging Strike
2-2: Strikes out swinging
Bottom of the 5th over - 0 runs, 0 hits, 0 errors, 0 left on base; Charleston 3 - Cedar Rapids 0
TOP OF THE 6TH
Charleston RiverDogs batting - Pitching for Cedar Rapids Kernels : RHP Edwin Sanchez
Batting: RHB Eric Blais 0-0: Called Strike
0-1: Ball
1-1: SINGLE (Line Drive, 89M, EV 90.0 MPH)
Batting: RHB Miguel Leal 0-0: Ball
1-0: Called Strike
1-1: Ball
2-1: Ball
3-1: Base on Balls
Eric Blais to second
Batting: RHB Carlos Guadarrama 0-0: Called Strike
Eric Blais steals 3rd base
0-1: Ball
1-1: Ball
2-1: Ball
Miguel Leal steals 2nd base
3-1: Base on Balls
Pitching: RHP Bruce Wight
Batting: LHB Tatsuo Yasui 0-0: Called Strike
0-1: Foul Ball, location: 2F
0-2: Ball
1-2: SINGLE (Groundball, 6, EV 101.9 MPH)
Eric Blais scores
Miguel Leal to third
Carlos Guadarrama to second
Runner from 3rd tries for Home, throw by CF and OUT! 8-2
Batting: SHB Blake Abbott 0-0: Swinging Strike
0-1: Called Strike
0-2: Ball
1-2: Strikes out looking
Batting: RHB James Boynton 0-0: Ball
1-0: DOUBLE (Line Drive, 9LM, EV 104.4 MPH)
Carlos Guadarrama scores
Tatsuo Yasui to third
Runner from 3rd tries for Home, throw by RF and OUT! 9-4-2
Top of the 6th over - 2 runs, 3 hits, 0 errors, 1 left on base; Charleston 5 - Cedar Rapids 0
BOTTOM OF THE 6TH
Cedar Rapids Kernels batting - Pitching for Charleston RiverDogs : RHP Danny Rasdall
Batting: LHB Jim Pankratz 0-0: Ball
1-0: TRIPLE (Line Drive, 78XD, EV 111.9 MPH)
Batting: SHB Shohei Fujii 0-0: Foul Ball, location: 2F
0-1: Ball
1-1: Ball
2-1: Ball
3-1: Called Strike
3-2: Foul Ball, location: 2F
3-2: Base on Balls
Pitching: RHP Andres Baca
Batting: RHB Matt Dunn 0-0: Called Strike
0-1: Swinging Strike
0-2: Foul Ball, location: 2F
0-2: Ball
1-2: Strikes out swinging
Batting: LHB Mike Handrahan 0-0: Ball
Shohei Fujii steals 2nd base
1-0: Ball
2-0: Swinging Strike
2-1: Ground out 4-3 (Groundball, 4, EV 78.1 MPH)
Jim Pankratz scores
Shohei Fujii to third
Batting: RHB Mike Craver 0-0: Called Strike
0-1: Ball
1-1: Called Strike
1-2: Foul Ball, location: 2F
1-2: Ball
2-2: Ball
3-2: Foul Ball, location: 2F
3-2: Base on Balls
Batting: RHB Jon Avila 0-0: Ball
1-0: Foul Ball, location: 2F
1-1: Ball
2-1: Swinging Strike
2-2: Ground out 4-3 (Groundball, 4S, EV 88.1 MPH)
Bottom of the 6th over - 1 run, 1 hit, 0 errors, 2 left on base; Charleston 5 - Cedar Rapids 1
TOP OF THE 7TH
Charleston RiverDogs batting - Pitching for Cedar Rapids Kernels : RHP Bruce Wight
Pitching: RHP Toshiyuki Kawashima
Batting: SHB Reagan Dudley 0-0: Ball
1-0: Ball
2-0: Ball
3-0: Called Strike
3-1: Called Strike
3-2: Foul Ball, location: 2F
3-2: Foul Ball, location: 2F
3-2: Base on Balls
Batting: RHB Riley Nasiir 0-0: Ball
1-0: Ball
2-0: Foul Ball, location: 2F
2-1: Called Strike
2-2: Ball
3-2: Fly out, F8 (Flyball, 8LXD, EV 88.1 MPH)
Batting: SHB Mike Goad 0-0: Ball
1-0: Ball
2-0: Ball
3-0: Base on Balls
Reagan Dudley to second
Batting: RHB Eric Blais 0-0: Ball
1-0: Called Strike
1-1: Foul Ball, location: 2F
1-2: Strikes out swinging
Pitching: LHP Mark Challinor
Batting: RHB Miguel Leal 0-0: Ball
1-0: Called Strike
1-1: Fielders Choice at 2nd, 6-4 (Groundball, 6, EV 80.0 MPH)
Top of the 7th over - 0 runs, 0 hits, 0 errors, 2 left on base; Charleston 5 - Cedar Rapids 1
BOTTOM OF THE 7TH
Cedar Rapids Kernels batting - Pitching for Charleston RiverDogs : RHP Andres Baca
Batting: SHB Roberto Camarena 0-0: Ball
1-0: Ball
2-0: Ball
3-0: Called Strike
3-1: Foul Ball, location: 2F
3-2: Base on Balls
Batting: SHB Duri Chilemba 0-0: Ball
1-0: Called Strike
1-1: Called Strike
1-2: Grounds into double play, 2-4-3 (Groundball, 15S, EV 71.9 MPH)
Pinch Hitting: LHB Christiaan Smits 0-0: Foul Ball, location: 2F
0-1: Ball
1-1: Ball
2-1: Ground out 4-3 (Groundball, 34, EV 90.0 MPH)
Bottom of the 7th over - 0 runs, 0 hits, 0 errors, 0 left on base; Charleston 5 - Cedar Rapids 1
TOP OF THE 8TH
Charleston RiverDogs batting - Pitching for Cedar Rapids Kernels : LHP Mark Challinor
Pitching: LHP Stefano Traversoni
Now at 2B: Duri Chilemba
Now at 3B: Christiaan Smits
Batting: RHB Carlos Guadarrama 0-0: Swinging Strike
0-1: Ball
1-1: Ball
2-1: Foul Ball, location: 2F
2-2: Strikes out swinging
Batting: LHB Tatsuo Yasui 0-0: Fly out, F8 (Flyball, 8LM, EV 95.0 MPH)
Batting: SHB Blake Abbott 0-0: Ball
1-0: Called Strike
1-1: Called Strike
1-2: Foul Ball, location: 2F
1-2: Ball
2-2: Fly out, F8 (Flyball, 8RM, EV 87.5 MPH)
Top of the 8th over - 0 runs, 0 hits, 0 errors, 0 left on base; Charleston 5 - Cedar Rapids 1
BOTTOM OF THE 8TH
Cedar Rapids Kernels batting - Pitching for Charleston RiverDogs : RHP Andres Baca
Pitching: RHP Gabe Pomales
Batting: LHB Jim Pankratz 0-0: Fly out, F9 (Line Drive, 9, EV 90.0 MPH)
Batting: SHB Shohei Fujii 0-0: Called Strike
0-1: Ball
1-1: Foul Ball, location: 2F
1-2: Foul Ball, location: 2F
1-2: Ball
2-2: Fly out, F9 (Line Drive, 8RM, EV 99.4 MPH)
Batting: RHB Matt Dunn 0-0: Fly out, F8 (Flyball, 8LM, EV 89.4 MPH)
Bottom of the 8th over - 0 runs, 0 hits, 0 errors, 0 left on base; Charleston 5 - Cedar Rapids 1
TOP OF THE 9TH
Charleston RiverDogs batting - Pitching for Cedar Rapids Kernels : LHP Stefano Traversoni
Batting: RHB James Boynton 0-0: Ball
1-0: Ball
2-0: Ball
3-0: Base on Balls
Batting: SHB Reagan Dudley 0-0: Ball
1-0: Ball
2-0: Ball
3-0: Base on Balls
James Boynton to second
Batting: RHB Riley Nasiir 0-0: Ball
1-0: Ball
2-0: Ball
3-0: Called Strike
3-1: Base on Balls
James Boynton to third
Reagan Dudley to second
Batting: SHB Mike Goad 0-0: Ball
1-0: Ball
2-0: Foul Ball, location: 2F
2-1: Fielders Choice at 2nd, 6-4 (Groundball, 6, EV 95.6 MPH)
James Boynton scores
Reagan Dudley to third
Batting: RHB Eric Blais 0-0: Called Strike
0-1: Ball
1-1: Hit by Pitch
Mike Goad to second
Batting: RHB Miguel Leal 0-0: Foul Ball, location: 2F
0-1: Called Strike
0-2: SINGLE (Groundball, 25, EV 67.5 MPH) (infield hit)
Reagan Dudley scores
Mike Goad to third
Eric Blais to second
Batting: RHB Carlos Guadarrama 0-0: Foul Ball, location: 2F
0-1: Fielders Choice at 2nd, 3-6 (Groundball, 3S, EV 93.8 MPH)
Mike Goad scores
Eric Blais to third
Batting: LHB Tatsuo Yasui 0-0: Ball
1-0: Ball
2-0: Foul Ball, location: 2F
2-1: Ball
3-1: SINGLE (Line Drive, 78S, EV 92.5 MPH)
Eric Blais scores
Carlos Guadarrama to second
Pitching: RHP Andy Symons
Batting: SHB Blake Abbott 0-0: Foul Ball, location: 2F
0-1: Ball
1-1: Ball
2-1: Foul Ball, location: 2F
2-2: Foul Ball, location: 2F
2-2: Foul Ball, location: 2F
2-2: Strikes out swinging
Top of the 9th over - 4 runs, 2 hits, 0 errors, 2 left on base; Charleston 9 - Cedar Rapids 1
BOTTOM OF THE 9TH
Cedar Rapids Kernels batting - Pitching for Charleston RiverDogs : RHP Gabe Pomales
Batting: LHB Mike Handrahan 0-0: Called Strike
0-1: Ball
1-1: Ball
2-1: Foul Ball, location: 2F
2-2: Ball
3-2: Ground out 4-3 (Groundball, 4M, EV 81.3 MPH)
Pinch Hitting: RHB Brian Gustus 0-0: Ball
1-0: Called Strike
1-1: Ball
2-1: Ground out 3-1 (Groundball, 13, EV 84.4 MPH)
Batting: RHB Jon Avila 0-0: Ball
1-0: Ball
2-0: Ball
3-0: Ground out 5-3 (Groundball, 5, EV 89.4 MPH)
Bottom of the 9th over - 0 runs, 0 hits, 0 errors, 0 left on base; Charleston 9 - Cedar Rapids 1
Thursday, March 31st , 2022 - OOTP Baseball 22.12 Build 89